Map: Automaton LE

Players

Stats - Winner!

  • Race: Protoss Protoss
  • Spawn Location: 9:00

Zest

  • Race: Protoss Protoss
  • Spawn Location: 3:00

Event: IEM Season 13: Katowice (2019)

VOD

Have the link to the VOD?

Description

Time

  • Played on: Feb. 28, 2019, 8:52 a.m.
  • Length: 7:59

All games in this series

Show
View Real Time Build Order
Export as new Build Order

Stats Protoss - Winner!

Build Orders:  

Get SALT Encoding   

  12  0:00  Probe  
  13  0:12  Probe  
  14  0:18  Pylon  
  14  0:24  Probe  
  15  0:32  Probe  
  15  0:37  Gateway  
  15  0:40  Probe  
  16  0:47  Assimilator  
  17  0:51  Probe  
  17  0:55  Assimilator  
  18  0:59  Probe  
  19  1:07  Probe  
  19  1:12  Gateway  
  19  1:17  Probe  
  21  1:26  Cybernetics Core  
  21  1:29  Probe  
  22  1:37  Pylon  
  22  1:41  Probe  
  23  1:52  Warp Gate  
  23  1:55  Probe  
  24  2:02  Sentry, Stalker  
  28  2:08  Pylon  
  28  2:29  Sentry  
  30  2:38  Sentry  
  30  2:41  Nexus  
  32  2:46  Shield Battery  
  32  2:58  Stalker  
  32  3:04  Stalker  
  36  3:13  Probe  
  34  3:25  Probe  
  35  3:33  Pylon  
  35  3:38  Probe  
  36  3:42  Adept  
  38  3:50  Probe  
  38  3:51  Adept  
  41  3:57  Probe  
  42  4:07  Probe  
  42  4:08  Probe  
  44  4:12  Stalker x2  
  44  4:15  Probe  
  44  4:16  Probe  
  48  4:23  Probe  
  50  4:24  Probe  
  50  4:26  Pylon  
  52  4:36  Stalker x2  
  56  4:44  Probe x2, Pylon  
  55  4:53  Pylon  
  55  4:56  Probe x2  
  55  4:59  Phoenix  
  57  5:07  Probe  
  57  5:08  Probe  
  57  5:12  Sentry x2  
  61  5:15  Probe  
  61  5:16  Probe  
  61  5:21  Forge  
  61  5:22  Twilight Council  
  61  5:24  Probe x2  
  63  5:31  Robotics Facility  
  63  5:35  Probe x2  
  63  5:39  Assimilator  
  63  5:41  Assimilator  
  65  5:47  Probe  
  65  5:48  Probe, Resonating Glaives  
  67  5:50  Protoss Ground Weapons Level 1  
  67  5:57  Gateway  
  67  5:58  Gateway  
  67  6:06  Gateway  
  67  6:07  Phoenix  
  67  6:10  Gateway  
  67  6:11  Immortal  
  71  6:27  Pylon  
  71  6:28  Pylon  
  71  6:31  Shield Battery  
  71  6:41  Adept x2  
  75  6:47  Shield Battery  
  75  6:49  Shield Battery  
  75  6:50  Pylon  
  75  6:54  Adept x2  
  77  6:59  Shield Battery  
  77  7:00  Adept  
  81  7:05  Adept  
  83  7:17  Adept  
  83  7:18  Adept x2  
  85  7:23  Adept x2  
  85  7:28  Adept  
  81  7:33  Shield Battery  
  68  7:45  Adept x5  
Show
View Real Time Build Order
Export as new Build Order

Zest Protoss 

Build Orders: Oracle Opening 

Get SALT Encoding   

  12  0:00  Probe  
  13  0:12  Probe  
  14  0:19  Pylon  
  14  0:24  Probe  
  15  0:33  Probe  
  15  0:38  Gateway  
  15  0:41  Probe  
  16  0:47  Assimilator  
  17  0:52  Probe  
  17  0:56  Assimilator  
  18  1:00  Probe  
  18  1:08  Probe  
  18  1:09  Gateway  
  20  1:18  Probe  
  20  1:25  Cybernetics Core  
  21  1:30  Probe  
  22  1:36  Pylon  
  22  1:42  Probe  
  23  2:01  Stargate  
  23  2:04  Adept  
  23  2:05  Adept  
  27  2:12  Pylon  
  27  2:14  Warp Gate  
  27  2:17  Probe  
  28  2:36  Stalker, Oracle  
  30  2:49  Shield Battery  
  33  3:05  Pylon, Oracle  
  33  3:21  Probe  
  32  3:32  Nexus  
  32  3:33  Probe  
  33  3:42  Robotics Facility  
  33  3:46  Probe  
  34  3:58  Probe  
  35  4:07  Twilight Council  
  35  4:11  Probe  
  35  4:14  Stalker  
  38  4:24  Probe  
  38  4:27  Pylon  
  39  4:40  Probe  
  39  4:41  Probe  
  39  4:43  Immortal  
  45  4:52  Probe x2, Resonating Glaives  
  47  5:03  Adept x2  
  50  5:11  Probe x2  
  47  5:23  Probe  
  47  5:24  Observer  
  49  5:30  Probe  
  50  5:38  Gateway  
  50  5:39  Gateway  
  50  5:40  Gateway x2, Warp Prism  
  52  5:51  Sentry  
  52  5:52  Probe  
  52  5:54  Probe  
  56  5:58  Sentry  
  56  6:00  Pylon  
  58  6:10  Pylon  
  59  6:11  Probe x2  
  60  6:23  Observer  
  61  6:26  Adept x2  
  65  6:33  Adept x2  
  65  6:34  Adept  
  65  6:38  Pylon  
  65  6:39  Pylon  
  71  6:40  Assimilator  
  71  6:50  Adept x3  
  77  6:59  Adept x3  
  81  7:21  Adept x4  
  75  7:34  Adept x2  
  50  7:45  Adept x2  
  50  7:46  Adept x2  

Tags
 
Add a new tag
Caveats
  • Supply blocks, unpowered buildings, or Contaminate may cause inaccurate times.
  • Supply counts are checked every 10 seconds.